 Dungeon Crawl Stone Soup version 0.23-a0-171-g5ae17c6 (webtiles) character file.

161 epen the Insei (level 5, 0/33 HPs)
             Began as an Octopode Monk on Sept 13, 2018.
             Slain by a gnoll
             ... wielding a +0 spear
              (2 damage)
             ... on level 3 of the Dungeon.
             The game lasted 00:03:41 (2904 turns).

epen the Insei (Octopode Monk)                      Turns: 2904, Time: 00:03:42

Health: 0/33       AC:  1    Str: 10    XL:     5   Next: 42%
Magic:  5/5        EV: 15    Int: 13    God:
Gold:   58         SH:  0    Dex: 17    Spells: 4/4 levels left

rFire    . . .     SeeInvis .     - Unarmed
rCold    . . .     Gourm    .   (no shield)
rNeg     . . .     Faith    .   (helmet restricted)
rPois    .         Spirit   .   (no amulet)
rElec    .         Reflect  .   (no ring)
rCorr    .         Harm     .   (no ring)
MR       .....                  (no ring)
Stlth    +++.......             (no ring)
HPRegen  0.11/turn              (no ring)
MPRegen  0.09/turn              (no ring)
                                (no ring)
                                (no ring)

@: no status effects
A: almost no armour, stealthy swim, amphibious, 8 rings, constrict 8, camouflage
1, agile 1, blink, frail 1, gelatinous body 1
a: Blink


You were on level 3 of the Dungeon.
You were not hungry.

You visited 1 branch of the dungeon, and saw 3 of its levels.

You collected 58 gold pieces.

Inventory:

Missiles
 d - 2 throwing nets (quivered)
Jewellery
 k - an uncursed ring of magical power {unknown}
Scrolls
 b - 3 scrolls of identify {unknown}
 e - 2 scrolls of remove curse {unknown}
 f - 2 scrolls of immolation {unknown}
 h - a scroll of magic mapping {unknown}
 i - a scroll of blinking {unknown}
Potions
 c - a potion of degeneration {unknown}
 g - a potion of heal wounds {unknown}
 j - a potion of magic {unknown}
Comestibles
 a - 7 rations


   Skills:
 + Level 3.8 Fighting
 + Level 3.9 Dodging
 - Level 2.6 Stealth
 * Level 4.7 Unarmed Combat


You had 4 spell levels left.
You didn't know any spells.
Your spell library was empty.

Dungeon Overview and Level Annotations

Branches:
Dungeon (3/15)

Altars:
Okawaru

Annotations:
D:2 Sigmund


Innate Abilities, Weirdness & Mutations

You cannot wear most types of armour.
You are very stealthy in the water. (Stealth+)
You are amphibious.
You can wear up to eight rings at the same time.
You can use your tentacles to constrict eight enemies at once.
Your skin changes colour to match your surroundings (Stealth+).
Your rubbery body absorbs attacks. (AC +1, EV +1)
You are agile. (Dex +2)
You can translocate small distances at will.
You are frail. (-10% HP)


Message History

You squeeze the gnoll, but do no damage.
The gnoll is heavily wounded.
You constrict the gnoll. The gnoll hits you with a spear!
You barely miss the gnoll. You squeeze the gnoll.
The gnoll is severely wounded.
You constrict the gnoll. The gnoll hits you with a spear!
You are too injured to fight recklessly!
You are too injured to fight recklessly!
You are too injured to fight recklessly!
You are too injured to fight recklessly!
You are too injured to fight recklessly!
You are too injured to fight recklessly!
You are too injured to fight recklessly!
You release your grip on the gnoll.
The gnoll hits you with a spear!
* * * LOW HITPOINT WARNING * * *
The gnoll hits you from afar with a spear.
* * * LOW HITPOINT WARNING * * *
The gnoll misses you.
The gnoll hits you from afar with a spear.
You die...

####.......#####.# #....♣.♣.
..##.###.......... #.....♣.♣
#.##.#
#.#.#####.####..#...♣..
#.##.# #.#.#
#...../.........
#.##.###.#.#
#####...##..##.#
...........## ##.....##.# #
#.######.##.## ##g.†......#
#.######.#...####g........##
................@.........+
#.######......###.........#
#)#### ####..## ##.......##
.....# #...# ##.....##
#.##.# #.### ##...## #.# #
#. #+## ..# #. ###


You could see 2 gnolls.

Vanquished Creatures
  Natasha (thrice) (D:2)
  3 adders
  A gnoll (D:3)
  An ooze (D:1)
  A dart slug (D:1)
  2 leopard geckos
  3 giant cockroaches
  A goblin (D:1)
  3 hobgoblins
  8 jackals
  8 bats
  3 frilled lizards
  4 kobolds
  5 rats
46 creatures vanquished.

Notes
Turn   | Place    | Note
-------+----------+-------------------------------------------
     0 | D:1      | epen the Octopode Monk began the quest for the Orb.
     0 | D:1      | Reached XP level 1. HP: 16/16 MP: 1/1
   173 | D:1      | Reached XP level 2. HP: 20/21 MP: 2/2
   372 | D:1      | Reached XP level 3. HP: 26/26 MP: 3/3
   655 | D:2      | Noticed Natasha
   661 | D:2      | Killed Natasha
   662 | D:2      | Noticed Natasha
   666 | D:2      | Gained mutation: You are frail. (-10% HP) [potion of
                  | mutation]
   666 | D:2      | Gained mutation: You are agile. (Dex +2) [potion of
                  | mutation]
   666 | D:2      | Gained mutation: You can translocate small distances at
                  | will. [potion of mutation]
  1119 | D:2      | Killed Natasha
  1119 | D:2      | Reached skill level 4 in Unarmed Combat
  1119 | D:2      | Reached XP level 4. HP: 24/27 MP: 4/4
  1203 | D:2      | Noticed Sigmund
  1411 | D:2      | Noticed Natasha
  1418 | D:2      | Killed Natasha
  1487 | D:2      | Reached XP level 5. HP: 33/33 MP: 5/5
  2888 | D:3      | Found an iron altar of Okawaru.
  2897 | D:3      | HP: 1/33 [gnoll/spear (6)]
  2904 | D:3      | Slain by a gnoll

Vault maps used:
D:1:      dpeg_arrival_oval
D:2:      wad_lake_hut, uniq_sigmund, uniq_natasha
D:3:      okawaru_trees_2, first_ration, item_on_display_a

Skill      XL: |  1  2  3 |
---------------+----------+-----
Unarmed Combat | 4 |  4.7
Fighting       | |  3.8
Dodging        | |  3.9
Stealth        | |  2.6

Action                   |  1- 3 |  4- 6 || total
-------------------------+-------+-------++-------
Melee: Unarmed           |    57 |    53 ||   110
       Tentacles         |    14 |    10 ||    24
       Constrict         |    15 |    13 ||    28
       Punch             |     1 |     1 ||     2
  Use: Potion            |     2 |       ||     2
 Stab: Sleeping          |     7 |     6 ||    13
  Eat: Chunk             |       |     6 ||     6
Armor: Skin              |     4 |     4 ||     8
Dodge: Dodged            |    39 |    36 ||    75

Table legend:
 A = Non-vault XP
 B = Vault XP
 C = Vault XP percentage of total XP
 D = Non-vault monster count
 E = Vault monster count
 F = Vault count percentage of total count
                 A         B        C        D         E       F
            +---------+---------+-------+---------+---------+-------
      Total |     197 |      33 |  14.3 |      45 |       1 |   2.2
            +---------+---------+-------+---------+---------+-------
        D:1 |      41 |       0 |   0.0 |      19 |       0 |   0.0
        D:2 |      97 |      33 |  25.4 |      11 |       1 |   8.3
        D:3 |      59 |       0 |   0.0 |      15 |       0 |   0.0
            +---------+---------+-------+---------+---------+-------
